 Dungeon Crawl Stone Soup version 0.31-a0-931-g7b59d4eb97 (webtiles) character file.

Game seed: 1908810450299303091

29097 IdlyInterested the Slicer (level 13, -5/129 HPs)
             Began as a Demonspawn Wanderer on Oct 18, 2023.
             Was an Elder of Hepliaklqana.
             Slain by a skeletal warrior
             ... wielding a +0 morningstar
              (9 damage)
             ... on level 12 of the Dungeon on Oct 19, 2023.
             The game lasted 01:06:46 (11591 turns).

IdlyInterested the Slicer (Demonspawn Wanderer)    Turns: 11591, Time: 01:06:47

Health: -5/129     AC:  9    Str: 13    XL:     13   Next: 13%
Magic:  0/23       EV: 12    Int: 16    God:    Hepliaklqana [****..]
Gold:   873        SH: 15    Dex: 15    Spells: 19/26 levels left

rFire   . . .        m - +2 short sword (venom)
rCold   . . .        J - +0 kite shield
rNeg    . . .        N - +0 steam dragon scales
rPois   .            (helmet currently unavailable)
rElec   .            (cloak unavailable)
rCorr   .            (gloves currently unavailable)
SInv    .            (boots currently unavailable)
Will    .....        z - amulet of guardian spirit Stlth
                     t - +4 ring of protection
HPRegen 0.41/turn    r - +4 ring of slaying
MPRegen 0.18/turn

%: guardian spirit
@: berserking, beast-form, very quick
A: beast (slay +4), reduced essence, hooves 2, horns 1, condensation shield,
demonic magic 1, weakness stinger 3
a: Begin Untransformation, Renounce Religion, Recall Ancestor, Ancestor
Identity, Transference, Idealise


You were on level 12 of the Dungeon.
You worshipped Hepliaklqana.
Hepliaklqana was greatly pleased with you.
You were a hulking beast.
You visited 2 branches of the dungeon, and saw 13 of its levels.
You also visited: Bailey.

You collected 873 gold pieces.

Inventory:

Hand Weapons
 d - a +1 dagger of venom
 f - a +0 dagger
 m - a +2 short sword of venom (weapon)
 H - a +1 vampiric short sword
 K - a +2 dagger of freezing
 L - a +0 rapier
Missiles
 g - 6 boomerangs
 i - 109 stones
 G - 3 curare-tipped darts
Armour
 o - a +0 robe of cold resistance
 J - a +0 kite shield (worn)
 N - +0 steam dragon scales (worn)
 Q - a +1 leather armour of fire resistance
 S - a +0 buckler
 Z - +0 acid dragon scales
Jewellery
 r - a +4 ring of slaying (right hand)
 t - a +4 ring of protection (left hand)
 v - a ring of fire
 z - an amulet of guardian spirit (around neck)
 A - a +5 ring of evasion
 C - a ring of resist corrosion
 F - a ring of magical power
 I - a ring of flight
 P - a ring of ice
 Y - a +6 ring of intelligence
Talismans
 j - a beast talisman (active)
Wands
 b - a wand of flame (53)
 h - a wand of light (6)
 n - a wand of charming (14)
 w - a wand of polymorph (14)
Scrolls
 a - 2 scrolls of poison
 e - 3 scrolls of vulnerability
 k - 3 scrolls of amnesia
 l - 5 scrolls of blinking
 p - a scroll of fog
 x - a scroll of silence
 y - 3 scrolls of teleportation
 B - a scroll of noise
 D - 2 scrolls of fear
 M - a scroll of enchant weapon {unknown}
 O - 2 scrolls of butterflies
 V - a scroll of acquirement
 X - a scroll of torment {unknown}
Potions
 c - a potion of enlightenment
 q - 2 potions of mutation
 s - 5 potions of curing
 u - 3 potions of haste
 E - 4 potions of attraction
 T - a potion of resistance {unknown}
 U - a potion of magic
 W - a potion of brilliance


   Skills:
 + Level 7.4 Fighting
 * Level 9.1 Short Blades
 - Level 3.0 Throwing
 - Level 4.0 Armour
 - Level 4.0 Dodging
 - Level 6.0 Stealth
 - Level 8.5 Shields
 - Level 7.0 Spellcasting
 - Level 3.0 Hexes
 - Level 6.0 Summonings
 - Level 6.0 Invocations
 + Level 3.1 Evocations
 - Level 7.0 Shapeshifting


You had 19 spell levels left.
You knew the following spells:

 Your Spells              Type           Power      Damage    Failure   Level
a - Summon Small Mammal   Summ           96%        N/A       2%          1
b - Call Canine Familiar  Summ           24%        N/A       9%          3
c - Summon Guardian Gole  Hex/Summ       20%        N/A       16%         3

Your spell library contained the following spells:

 Spells                   Type           Power      Damage    Failure   Level
 Slow                     Hex            60%        N/A       10%         1
 Confusing Touch          Hex            15%        N/A       28%         3
 Sigil of Binding         Hex            15%        N/A       28%         3
 Shock                    Conj/Air       20%        1d4       32%         1
 Swiftness                Air            5%         N/A       67%         3
 Vampiric Draining        Necr           5%         2d6       67%         3
 Animate Armour           Summ/Erth      30%        N/A       67%         4
 Cause Fear               Hex            7%         N/A       67%         4
 Anguish                  Hex/Necr       5%         N/A       86%         4
 Dimensional Bullseye     Hex/Tloc       5%         N/A       86%         4
 Leda's Liquefaction      Hex/Erth       5%         N/A       86%         4
 Airstrike                Air            2%         2d(1-17)  97%         4
 Animate Dead             Necr           5%         N/A       97%         4
 Olgreb's Toxic Radiance  Pois           5%         N/A       97%         4
 Borgnjor's Vile Clutch   Necr/Erth      2%         N/A       100%        5
 Death Channel            Necr           2%         N/A       100%        6
 Enfeeble                 Hex            7%         N/A       100%        7
 Discord                  Hex            7%         N/A       100%        8
 Ignition                 Fire           2%         3d3       100%        8


Dungeon Overview and Level Annotations

Branches:
Dungeon (12/15)            Temple (1/1) D:4            Lair (0/5) D:11
    Orc (0/2) D:10         Bailey (visited)

Altars:
Ashenzari
Cheibriados
Dithmenos
Fedhas
Gozag
Hepliaklqana
Kikubaaqudgha
Makhleb
Nemelex Xobeh
Okawaru
Qazlal
Ru
Sif Muna
Trog
Uskayaw
Vehumet
Wu Jian
Xom
Yredelemnul

Shops:
D:7 =   D:10 (


Innate Abilities, Weirdness & Mutations

You are a hulking beast.
Your limbs bulge with bestial killing power. (Slay +4)
Your life essence is reduced to manifest your ancestor. (-10% HP)
You have hoof-like feet.
You have a pair of small horns on your head.
A meltable shield of frost defends you. (SH +4)
Spells you cast may paralyse adjacent enemies.
You have a sharp stinger which inflicts weakening toxins.


Message History

You hit the skeletal warrior.
You kick the skeletal warrior, but do no damage.
You headbutt the skeletal warrior!
The skeletal warrior is almost destroyed.
The skeletal warrior hits you with a +0 morningstar!
The skeletal warrior hits Mirna with a +0 mace!!
The skeletal warrior closely misses you.
Mirna hits the skeletal warrior with a +0 dagger of draining!
The skeletal warrior is destroyed!
Your quokka barely misses the skeletal warrior.
You puncture the skeletal warrior! You kick the skeletal warrior!
Your tail-slap misses the skeletal warrior.
The skeletal warrior is heavily damaged.
Mirna hits the skeletal warrior but does no damage.
The skeletal warrior hits you with a +0 morningstar!!
* * * LOW HITPOINT WARNING * * *
The skeletal warrior hits you from afar with a +0 halberd!!
* * * LOW HITPOINT WARNING * * *
Mirna hits the skeletal warrior with a +0 dagger of draining.
A red film seems to cover your vision as you go berserk!
You feel yourself moving faster!
You feel mighty!
Your quokka bites the skeletal warrior but does no damage.
Mirna hits the skeletal warrior with a +0 dagger of draining.
The skeletal warrior hits you but does no damage.
The skeletal warrior hits you from afar with a +0 halberd!
* * * LOW HITPOINT WARNING * * *
The skeletal warrior barely misses your quokka.
Your quokka bites the skeletal warrior but does no damage.
Mirna hits the skeletal warrior but does no damage.
You puncture the skeletal warrior! You kick the skeletal warrior.
Your headbutt misses the skeletal warrior.
The skeletal warrior is almost destroyed.
Mirna hits the skeletal warrior with a +0 dagger of draining.
You barely miss the skeletal warrior.
You headbutt the skeletal warrior, but do no damage.
The skeletal warrior is almost destroyed.
Your quokka bites the skeletal warrior but does no damage.
You block the skeletal warrior's attack.
The skeletal warrior hits you with a +0 morningstar!
You die...

#..# #..# . #..#
..#####..########
.................
....z...........
#(zr†.......#
#Rzh........#
#..9........#
#....<......#
#..........)#
...............
...............
#########..####.
..# ..#


You could see the friendly Mirna the hexer (sheltered), 3 skeletal warriors, a
friendly guardian golem (summoned) and a friendly quokka (summoned, sheltered).

Vanquished Creatures
  An orc warlord (Bailey)
  9 death yaks (D:11)
  A two-headed ogre (D:11)
  The ghost of KarmaticGoose the Firebug, a novice DrWn of Dithmenos (D:9)
  Lodul (D:10)
  Pikel (D:7)
  An orc knight (Bailey)
  A cyclops (D:11)
  4 trolls
  Grinder (D:3)
  Sigmund (D:2)
  2 wyverns
  2 wraiths
  20 yaks
  3 steam dragons
  8 vampire mosquitoes
  An acid dragon (D:11)
  13 orc warriors
  2 ice beasts
  A sky beast (D:7)
  3 black bears
  5 ogres (D:10)
  3 centaurs
  4 kobold brigands
  5 bullfrogs
  2 gnoll sergeants
  2 scorpions
  9 wights
  12 killer bees
  3 howler monkeys (D:9)
  3 hounds
  3 orc priests
  4 iguanas
  6 orc wizards
  2 sleepcaps
  Ijyb (D:4)
  2 gnoll boudas
  Natasha (thrice) (D:4)
  23 gnolls
  3 adders
  5 white imps
  2 worms
  A dart slug (D:2)
  32 orcs
  5 endoplasms
  3 giant cockroaches
  9 goblins
  15 hobgoblins
  4 jackals (D:1)
  14 kobolds
  4 quokkas
  5 ball pythons
  6 bats
  2 frilled lizards
  5 rats
284 creatures vanquished.

Vanquished Creatures (collateral kills)
  A skeletal warrior (D:12)
  A wyvern (D:10)
  7 yaks
  An orc warrior (D:6)
  A sky beast (D:6)
  2 ogres (D:10)
  A centaur (D:6)
  A lemure (D:7)
  2 bullfrogs
  A scorpion (D:6)
  A wight (D:8)
  2 killer bees
  A howler monkey (D:7)
  An orc priest (D:6)
  5 gnolls
  10 orcs
  2 ball pythons
  A bat (D:1)
  3 endoplasms
  9 goblins
  3 hobgoblins
  5 kobolds
  A rat (D:1)
  A butterfly (D:4)
63 creatures vanquished.

Vanquished Creatures (others)
  An ogre (D:10)
  2 hexers
  4 ancestors
  2 gnolls (Bailey)
  An orc (Bailey)
10 creatures vanquished.

Grand Total: 357 creatures vanquished

Notes
Turn   | Place    | Note
-------+----------+-------------------------------------------
     0 | D:1      | IdlyInterested the Demonspawn Wanderer began the quest for
                  | the Orb.
     0 | D:1      | IdlyInterested set off with the following items: a +0 short
                  | sword, a wand of flame (6), a potion of lignification, a +0
                  | robe; and the following spell memorised: Summon Small
                  | Mammal; and the following spells available to memorise:
                  | Summon Guardian Golem, Animate Armour.
     0 | D:1      | Reached XP level 1. HP: 15/15 MP: 2/2
   144 | D:1      | Discovered your monstrous ancestry.
   144 | D:1      | Gained mutation: You have large cloven feet. [demonic
                  | ancestry]
   144 | D:1      | Reached XP level 2. HP: 10/22 MP: 0/3
   528 | D:1      | Reached skill level 1 in Stealth
  1099 | D:2      | Gained mutation: You have a small tail. [demonic ancestry]
  1099 | D:2      | Reached XP level 3. HP: 23/27 MP: 1/5
  1148 | D:2      | Reached skill level 1 in Dodging
  1561 | D:2      | Reached skill level 1 in Armour
  1832 | D:2      | Noticed Sigmund
  1866 | D:2      | Killed Sigmund
  1867 | D:2      | Reached skill level 1 in Throwing
  1867 | D:2      | Reached skill level 3 in Short Blades
  1867 | D:2      | Gained mutation: You have a pair of small horns on your
                  | head. [demonic ancestry]
  1867 | D:2      | Reached XP level 4. HP: 12/34 MP: 5/7
  1867 | D:2      | Gained mutation: You have a tail ending in a sharp stinger.
                  | [demonic ancestry]
  1867 | D:2      | Reached XP level 5. HP: 14/39 MP: 5/8
  2402 | D:3      | HP: 2/41 [something/puff of flame (6)]
  2406 | D:3      | Reached skill level 4 in Short Blades
  2406 | D:3      | Gained mutation: Spells you cast may paralyse adjacent
                  | enemies. [demonic ancestry]
  2406 | D:3      | Reached XP level 6. HP: 2/47 MP: 0/9
  2940 | D:3      | Noticed Grinder
  2960 | D:3      | Killed Grinder
  2961 | D:3      | Reached skill level 1 in Shapeshifting
  3007 | D:3      | Reached XP level 7. HP: 52/52 MP: 8/10
  3280 | D:4      | Noticed Natasha
  3283 | D:4      | Killed Natasha
  3296 | D:4      | Found a bloodstained altar of Trog.
  3581 | D:4      | Noticed Natasha
  3589 | D:4      | Killed Natasha
  3613 | D:4      | Reached skill level 1 in Shields
  3757 | D:4      | Gained mutation: You have a sharp stinger which inflicts
                  | weakening toxins. [demonic ancestry]
  3757 | D:4      | Reached XP level 8. HP: 51/58 MP: 8/12
  3869 | D:4      | Found a shimmering altar of Xom.
  3930 | D:4      | Noticed Ijyb
  3937 | D:4      | Killed Ijyb
  4075 | D:4      | Noticed Natasha
  4084 | D:4      | Killed Natasha
  4265 | D:4      | Found an ancient bone altar of Kikubaaqudgha.
  4380 | D:4      | Found a staircase to the Ecumenical Temple.
  4415 | Temple   | Entered the Ecumenical Temple
  4432 | Temple   | Became a worshipper of Hepliaklqana the Forgotten
  4522 | D:5      | Entered Level 5 of the Dungeon
  4698 | D:5      | Learned a level 3 spell: Call Canine Familiar
  4741 | D:5      | Found a burning altar of Makhleb.
  4741 | D:5      | Noticed a cacodemon
  4745 | D:5      | Noticed an orange demon
  5306 | D:6      | Reached * piety under Hepliaklqana
  5377 | D:6      | Reached skill level 5 in Shapeshifting
  5383 | D:6      | Reached skill level 5 in Short Blades
  5439 | D:6      | Reached XP level 9. HP: 32/58 MP: 8/14
  5597 | D:6      | Found a broken altar of Ashenzari.
  5763 | D:6      | Identified the +6 sling of Truth {freeze, rPois Str-5
                  | Stlth+}
  6273 | D:7      | Found a flagged portal.
  6315 | Bailey   | Entered a bailey
  6436 | Bailey   | Reached skill level 5 in Fighting
  6475 | Bailey   | Noticed an orc knight
  6479 | Bailey   | Reached skill level 6 in Short Blades
  6491 | Bailey   | Killed an orc knight
  6618 | Bailey   | Gained mutation: You have hoof-like feet. [demonic
                  | ancestry]
  6618 | Bailey   | Reached XP level 10. HP: 40/66 MP: 7/17
  6630 | Bailey   | Reached skill level 5 in Summonings
  6822 | Bailey   | Noticed an orc warlord
  6852 | Bailey   | Reached skill level 5 in Spellcasting
  6858 | Bailey   | HP: 1/66 [orc warlord/+5 broad axe (12)]
  6865 | Bailey   | Killed an orc warlord
  7126 | D:7      | Noticed Pikel
  7139 | D:7      | Killed Pikel
  7268 | D:7      | Reached ** piety under Hepliaklqana
  7276 | D:7      | Reached skill level 5 in Stealth
  7287 | D:7      | Found Aniny's Jewellery Shoppe.
  7291 | D:7      | Remembered your ancestor Mirna as a hexer
  7376 | D:7      | Gained mutation: A meltable shield of frost defends you.
                  | (SH +4) [demonic ancestry]
  7376 | D:7      | Reached XP level 11. HP: 72/72 MP: 18/18
  7381 | D:7      | Learned a level 3 spell: Summon Guardian Golem
  8437 | D:9      | Found a runed translucent door.
  8437 | D:9      | Noticed KarmaticGoose's ghost (novice DrWn)
  8507 | D:9      | Reached skill level 1 in Invocations
  8585 | D:9      | Upgraded the game from 0.31-a0-925-g0a390f2509 to
                  | 0.31-a0-931-g7b59d4eb97
  8618 | D:9      | Reached *** piety under Hepliaklqana
  8838 | D:9      | Reached XP level 12. HP: 78/79 MP: 19/21
  9112 | D:9      | Killed KarmaticGoose's ghost
  9113 | D:9      | Reached skill level 5 in Invocations
  9160 | D:10     | Entered Level 10 of the Dungeon
  9240 | D:10     | Found Vocien's Weapon Shop.
  9282 | D:10     | Noticed Lodul
  9299 | D:10     | Killed Lodul
  9404 | D:10     | Reached skill level 1 in Hexes
  9477 | D:10     | Found a staircase to the Orcish Mines.
 10151 | D:10     | Found a basalt altar of Yredelemnul.
 10158 | D:10     | Noticed a profane servitor
 10168 | D:10     | Reached skill level 7 in Short Blades
 10187 | D:10     | Noticed an angel
 10510 | D:11     | Noticed a death yak
 10512 | D:11     | Found a staircase to the Lair.
 10514 | D:11     | Noticed a death yak
 10516 | D:11     | Noticed a death yak
 10516 | D:11     | Noticed a death yak
 10516 | D:11     | Noticed a death yak
 10516 | D:11     | Noticed a death yak
 10517 | D:11     | Noticed a death yak
 10517 | D:11     | Noticed a death yak
 10518 | D:11     | Noticed a death yak
 10521 | D:11     | Killed a death yak
 10525 | D:11     | Killed a death yak
 10538 | D:11     | Killed a death yak
 10544 | D:11     | Killed a death yak
 10545 | D:11     | Reached skill level 8 in Short Blades
 10550 | D:11     | Killed a death yak
 10553 | D:11     | Killed a death yak
 10557 | D:11     | Killed a death yak
 10564 | D:11     | Killed a death yak
 10567 | D:11     | Killed a death yak
 10815 | D:11     | Reached XP level 13. HP: 77/86 MP: 19/23
 10945 | D:11     | Reached **** piety under Hepliaklqana
 11062 | D:11     | Reached skill level 9 in Short Blades
 11589 | D:12     | HP: 4/129 [skeletal warrior/+0 halberd (6)]
 11591 | D:12     | Slain by a skeletal warrior

Illustrated notes

Levels and vault maps discovered:
D:1:      amcnicky_arrival_feature_with_door, layout_basic
D:2:      layout_loops_corners, uniq_sigmund
D:3:      layout_basic, minmay_unequal, uniq_grinder
D:4:      layout_cave_pools, kennysheep_mini, xom_butterflies,
          trog_ov_bears_minmay, lemuel_temple_firewalk_b,
          kennysheep_minor_cross, minmay_misc_feat_rugged,
          guppyfry_early_orc_mine, uniq_natasha, uniq_ijyb
D:5:      layout_loops_cross, makhleb_altar_promises_db, kennysheep_flooded_box
D:6:      layout_loops_cross, marbit_many_paths
D:7:      layout_cave_pools, zin_academy, serial_shops, nicolae_shop_trees,
          enter_bailey_4, uniq_pikel
D:8:      layout_cave_pools, elyvilon_altar_4
D:9:      layout_irregular_city, hellmonk_ghost_happy_afterlife
D:10:     layout_irregular_city, grunt_temple_overflow_holy_war, orc_0_dummy,
          serial_shops, nicolae_stop_n_shop_2, uniq_lodul
D:11:     layout_basic, dpeg_lair_monsters
D:12:     layout_small_grid, led_sif_pool
Temple:   nicolae_temple_bog_church

Skill      XL: |  1  2  3  4  5  6  7  8  9 10 11 12 13 |
---------------+----------------------------------------+-----
Fighting       | 2 3 4 5 6 7 |  7.4
Stealth        | 1 2 4 5 6 |  6.0
Dodging        | 1 2 3 4 |  4.0
Armour         | 1 2 3 4 |  4.0
Throwing       | 1 3 |  3.0
Spellcasting   | 2 3 4 5 6 7 |  7.0
Short Blades   | 3 4 5 6 8 9 |  9.1
Shapeshifting  | 1 3 5 7 |  7.0
Shields        | 1 2 8 |  8.5
Evocations     | 2 3 |  3.1
Summonings     | 6 |  6.0
Invocations    | 4 6 |  6.0
Hexes          | 3 |  3.0

Action                     |  1- 3 |  4- 6 |  7- 9 | 10-12 | 13-15 || total
---------------------------+-------+-------+-------+-------+-------++-------
  Melee: Short sword       |   115 |    63 |   281 |   338 |    53 ||   850
         Kick              |    10 |    15 |    75 |   133 |    20 ||   253
         Unarmed           |    14 |       |       |       |       ||    14
         Tailslap          |     7 |     8 |    38 |    66 |    13 ||   132
         Punch             |     1 |       |     2 |       |       ||     3
         Headbutt          |       |     7 |    58 |    79 |    18 ||   162
  Throw: Stone             |       |     1 |     1 |     9 |     2 ||    13
         Dart              |       |       |       |     3 |       ||     3
         Boomerang         |       |       |       |     2 |       ||     2
   Cast: Summon Small Mamm |    30 |    17 |    29 |    22 |     1 ||    99
         Call Canine Famil |       |       |       |     5 |       ||     5
         Summon Guardian G |       |       |       |     1 |     1 ||     2
 Invoke: Ancestor Life: He |       |       |       |     1 |       ||     1
         Transference      |       |       |       |     2 |       ||     2
  Evoke: Wand              |       |       |       |     6 |       ||     6
    Use: Potion            |     3 |     4 |     3 |     7 |     1 ||    18
         Scroll            |     1 |     1 |     6 |    10 |       ||    18
   Stab: Paralysed         |       |     6 |    36 |    14 |       ||    56
         Distracted        |       |       |     1 |     8 |       ||     9
         Sleeping          |       |       |     8 |     4 |       ||    12
         Confused          |       |       |       |     7 |     1 ||     8
 Armour: Robe              |    27 |       |       |       |       ||    27
         Ring mail         |    41 |    71 |    94 |       |       ||   206
         Skin              |    16 |       |     2 |       |       ||    18
         Steam dragon scal |       |       |    51 |   117 |    22 ||   190
  Dodge: Dodged            |    67 |    76 |   202 |   154 |    13 ||   512
  Block: Kite shield       |       |       |    71 |   107 |    30 ||   208
         Buckler           |       |       |       |    74 |       ||    74
   Form: Beast             |       |     1 |       |       |       ||     1

Table legend: (Time is in decaauts)
 A = Elapsed time spent in this place.
 B = Non-inter-level travel time spent in this place.
 C = Inter-level travel time spent in this place.
 D = Time resting spent in this place.
 E = Time spent auto-exploring this place.
 F = Levels seen in this place.
 G = Mean time per level.
                   A        B        C        D        E       F      G
               +--------+--------+--------+--------+--------+-----+--------+
         Total |  11437 |  10605 |    832 |   1743 |   5727 |  14 |  816.9 |
       Dungeon |  10602 |   9802 |    800 |   1332 |   5708 |  12 |  883.5 |
        Temple |     34 |      2 |     32 |      0 |      0 |   1 |   34.0 |
        Bailey |    799 |    799 |      0 |    411 |     19 |   1 |  799.0 |
               +--------+--------+--------+--------+--------+-----+--------+

Top non-repeatable levels by time:
     D:3: 1226 daAuts
    D:10: 1159 daAuts
     D:4: 1144 daAuts
    D:11: 1118 daAuts
     D:2: 1114 daAuts
     D:1: 986 daAuts
     D:6: 916 daAuts
  Bailey: 799 daAuts
     D:9: 793 daAuts
     D:5: 787 daAuts
     D:8: 676 daAuts
     D:7: 658 daAuts
  Temple: 34 daAuts
    D:12: 21 daAuts
